AoeStats
← Adiel

Arena

510458459Analyzed
2v2 RM · 19h ago on Oct 1, 2026· 52m 31s· 4 players
Game mode
Random Map
Map size
Medium (4 player)
Population
200
Speed
Normal
Resources
Standard
Victory
Conquest
Starting age
Dark Age
Ending age
Imperial Age
RankedLock teamsTeams togetherTeam positionsShared explorationLock speedFull tech treeHidden civsTurbo modeCheats
Victory
Defeat
🇬🇹 Celts · Guatemala
1112
+14
🇬🇹 Poles · Guatemala
1060
+16
🇺🇸 Saxons · United States
1075
-15
🇺🇸 Poles · United States
1075
-15
Tsar Adidas
4:25 Loom
12:43 Feudal Age
13:09 Double-Bit Axe
13:06 Horse Collar
19:17 Castle Age
19:35 Pikeman
19:41 Pikeman
20:35 Bow Saw
20:27 Heavy Plow
23:43 Szlachta Privileges
25:16 Husbandry
26:18 Bloodlines
26:27 Gold Mining
31:16 Imperial Age
31:34 Wheelbarrow
30:45 Town Watch
31:23 Cavalier
32:25 Conscription
34:16 Crop Rotation
36:07 Hand Cart
39:04 Forging
39:00 Scale Barding Armor
43:57 Squires
44:18 Treadmill Crane
45:39 Chemistry
45:00 Ballistics
53:37 Iron Casting
53:23 Chain Barding Armor
Inv1s1blDragon
7:47 Loom
9:32 Feudal Age
10:36 Double-Bit Axe
17:53 Castle Age
16:37 Horse Collar
17:54 Stone Mining
19:59 Bow Saw
20:06 Fletching
20:26 Forging
20:17 Scale Mail Armor
20:18 Padded Archer Armor
20:13 Pikeman
20:53 Gambesons
24:37 Crossbowman
30:16 Wheelbarrow
31:02 Heavy Plow
31:42 Iron Casting
31:23 Chain Mail Armor
33:43 Gold Mining
37:56 Sanctity
37:47 Redemption
42:59 Hand Cart
43:11 Squires
45:18 Gold Shaft Mining
50:11 Imperial Age
52:17 Plate Mail Armor
51:48 Elite Varangian Guard
Adiel
11:22 Feudal Age
13:04 Loom
15:39 Castle Age
13:29 Double-Bit Axe
15:20 Loom
17:19 Forging
18:07 Wheelbarrow
17:07 Man-at-Arms
17:54 Gold Mining
18:51 Iron Casting
21:33 Scale Mail Armor
24:52 Town Watch
25:19 Horse Collar
26:01 Long Swordsman
30:27 Town Patrol
34:35 Imperial Age
32:44 Pikeman
33:10 Gambesons
34:24 Chain Mail Armor
36:30 Bow Saw
36:57 Halberdier
44:47 Blast Furnace
44:18 Plate Mail Armor
45:05 Two-Handed Swordsman
46:08 Fletching
46:46 Hand Cart
47:22 Heavy Plow
48:33 Ballistics
49:13 Chemistry
48:07 Champion
51:52 Bodkin Arrow
51:58 Murder Holes
Jaffeth15
11:49 Feudal Age
10:06 Loom
16:14 Castle Age
14:25 Double-Bit Axe
14:26 Horse Collar
16:38 Town Watch
17:49 Wheelbarrow
19:22 Gold Mining
23:49 Scale Barding Armor
24:26 Bloodlines
25:20 Heavy Plow
27:05 Town Patrol
30:44 Bow Saw
32:18 Chain Barding Armor
35:42 Imperial Age
34:31 Hand Cart
35:08 Forging
35:49 Cavalier
37:08 Iron Casting
37:18 Szlachta Privileges
37:33 Husbandry
38:02 Conscription
41:17 Blast Furnace
43:33 Lechitic Legacy
44:51 Stone Mining
44:42 Light Cavalry
45:48 Winged Hussar
50:17 Crop Rotation
51:43 Chemistry
52:28 Ballistics
Connection lost

Rejoining the realm…

Still unreachable

The connection could not be restored.

Session expired

The server has moved on; the page needs a fresh start.